 Dungeon Crawl Stone Soup version 0.30.0-19-g36f170ea60 (webtiles) character file.

Game seed: 1685687956561744541

543 RascalDebosk the Magician (level 7, -4/50 HPs)
             Began as a Djinni Summoner on May 25, 2023.
             Shot with an arrow by a centaur (13 damage)
             ... on level 5 of the Dungeon on May 26, 2023.
             The game lasted 00:29:06 (2874 turns).

RascalDebosk the Magician (Djinni Summoner)         Turns: 2874, Time: 00:29:07

Health: -4/50      AC:  4    Str:  7    XL:     7   Next: 52%
Gold:   216        EV: 12    Int: 25    God:
                   SH:  0    Dex: 14

rFire   + + +        m - +5 hand axe of a Thousand Demons {venom, rF+ MP+9 Int+7}
rCold   x . .        (no shield)
rNeg    . . .        a - +0 robe
rPois   ∞            x - +0 helmet
rElec   .            g - +0 cloak
rCorr   .            (no gloves)
SInv    .            (boots unavailable)
Will    .....        (no amulet)
Stlth   ++           (no ring)
HPRegen 0.28/turn    (no ring)
MPRegen 0.00/turn

%: infuse magic (-5 HP)
@: flying
A: sickness immunity, fire resistance 2, cold vulnerability 1, float, innate
caster, HP casting, extra vitality 1
a: no special abilities


You were on level 5 of the Dungeon.
You visited 1 branch of the dungeon, and saw 5 of its levels.

You collected 216 gold pieces.

Inventory:

Hand Weapons
 j - a +0 rapier
 m - the +5 hand axe of a Thousand Demons (weapon) {venom, rF+ MP+9 Int+7}
   (You found it on level 3 of the Dungeon)

   Int:       It affects your intelligence (+7).
   rF:        It protects you from fire.
   MP:        It affects your magic capacity (+9).
 s - a +0 dagger
Missiles
 u - a throwing net {@!f}
Armour
 a - a +0 robe (worn)
 g - a +0 cloak (worn)
 x - a +0 helmet (worn)
Wands
 p - a wand of paralysis (4)
Scrolls
 d - 2 scrolls of identify {unknown}
 i - a scroll of butterflies {unknown}
 k - a scroll of teleportation {unknown}
 o - a scroll of amnesia {unknown}
 q - 2 scrolls of immolation {unknown}
 r - a scroll of noise {unknown}
Potions
 b - a potion of might {unknown}
 c - 2 potions of heal wounds {unknown}
 e - a potion of cancellation {unknown}
 f - 2 potions of haste {unknown}
 h - 6 potions of curing {unknown}
 l - a potion of flight {unknown}
 n - a potion of ambrosia {unknown}
 t - a potion of attraction {unknown}
 v - a potion of mutation {unknown}
 w - a potion of brilliance {unknown}


   Skills:
 * Level 3.6 Fighting
 - Level 2.1 Dodging
 - Level 1.5 Stealth
 * Level 5.4 Spellcasting
 + Level 2.7 Evocations


You knew the following spells:

 Your Spells              Type           Power      Damage    Failure   Level
a - Summon Small Mammal   Summ           100%       N/A       1%          1
b - Call Imp              Summ           68%        N/A       1%          2
c - Call Canine Familiar  Summ           34%        N/A       2%          3
d - Summon Guardian Gole  Hex/Summ       34%        N/A       2%          3
e - Summon Lightning Spi  Summ/Air       34%        N/A       9%          4
f - Magic Dart            Conj           100%       1d8       1%          1
g - Searing Ray           Conj           68%        2d6       1%          2
h - Vampiric Draining     Necr           34%        2d8       2%          3
Your spell library was empty.

Dungeon Overview and Level Annotations

Branches:
Dungeon (5/15)
 Temple: D:4-7

Altars:
Cheibriados
The Shining One

Annotations:
D:5 Edmund


Innate Abilities, Weirdness & Mutations

You are immune to sickness and miasma.
You are immune to poison.
Your flesh is very heat resistant. (rF++)
You are vulnerable to cold. (rC-)
You float through the air rather than walking.
You learn spells naturally, not from books.
Your magical power is your life essence.
You have superior vitality. (+4 MHP)


Message History

There is a stone staircase leading up here.
The gnoll hits you from afar with a +0 spear. x2
You fly upwards.
There is a stone staircase leading down here.
There is a stone staircase leading down here.
You fly downwards.
Level annotation: Edmund The orc shouts! x3
Found a book of Storms and 14 gold pieces.
There is a stone staircase leading up here.
Casting: Summon Lightning Spire (dangerous; 9% risk of failure)
Confirm with . or Enter, or press ? or * to list all spells.
An electric hum fills the air.
A jackal comes into view. x2
The orc closely misses you. The orc misses you.
Casting: Summon Lightning Spire (dangerous; 9% risk of failure)
Confirm with . or Enter, or press ? or * to list all spells.
The orc hits you with a +0 dagger. The orc barely misses you.
The orc closely misses you.
Your lightning spire shoots out a bolt of lightning at the orc!
The bolt of electricity hits the orc! x2
You closely miss the orc.
The orc is almost dead.
You hit the orc.
The orc is poisoned.
You strike the helpless orc from behind!
You hit the orc.
You kill the orc!
The orc misses you. x2; Your hound bites the orc.
The orc dies!
Your lightning spire shoots out a bolt of lightning at the orc!
The bolt of electricity hits the orc!
The orc dies!
The bolt of electricity hits the orc!
The orc dies!
Your lightning spire shoots out a bolt of lightning at the jackal!
The bolt of electricity hits the jackal!
The jackal dies!
Your hound closely misses the jackal.
The jackal barely misses your hound.
Your hound bites the jackal.
The jackal barely misses your hound.
Your lightning spire shoots out a bolt of lightning at the jackal!
The bolt of electricity hits the jackal!
The jackal dies!
Your lightning spire disappears in a puff of smoke!
HP restored.
Things that are here:
a +0 club; a +0 leather armour; an orc corpse
Found a stone staircase leading up.
You now have 216 gold pieces (gained 14).
A centaur comes into view.
The centaur shouts!
The centaur wields a +0 shortbow.
The centaur shoots an arrow.
The arrow closely misses you.
Casting: Call Canine Familiar (dangerous; 2% risk of failure)
Confirm with . or Enter, or press ? or * to list all spells.
An electric hum fills the air.
The centaur shoots an arrow.
The arrow hits you.
Casting: Summon Lightning Spire (dangerous; 9% risk of failure)
Confirm with . or Enter, or press ? or * to list all spells.
An electric hum fills the air.
Your lightning spire disappears in a puff of smoke!
The centaur shoots an arrow.
The arrow hits your lightning spire but does no damage.
Unknown command.
The centaur shoots an arrow.
The arrow hits your lightning spire but does no damage.
A sleepcap comes into view.
The centaur shoots an arrow.
The arrow hits your lightning spire!
The centaur shoots an arrow.
The arrow misses your hound.
The arrow hits your lightning spire but does no damage.
You hear a shout!
Something shouts, "Quail, thou paunchy weevil-witted mish-mash!"
The centaur shoots an arrow.
The arrow hits your hound.
The centaur shoots an arrow.
The arrow misses your hound.
The arrow barely misses your lightning spire.
The arrow hits you.
The centaur shoots an arrow.
The arrow hits your hound!
Your hound bites the centaur.
The centaur shoots an arrow.
The arrow hits your hound.
Your hound dies!
Your hound's corpse disappears in a puff of smoke!
Your lightning spire shoots out a bolt of lightning at the centaur!
The bolt of electricity hits the centaur!
An orc comes into view. It is wielding a +0 flail.
The centaur shoots an arrow.
The arrow hits your lightning spire!
The centaur shoots an arrow.
The arrow hits your lightning spire!
Your lightning spire is destroyed!
Your lightning spire disappears in a puff of smoke!
The centaur shoots an arrow.
The arrow hits you.
The centaur shoots an arrow.
The arrow hits you!
* * * LOW HITPOINT WARNING * * *
The centaur shoots an arrow.
The arrow hits you.
* * * LOW HITPOINT WARNING * * *
A shadow imp comes into view.
The shadow imp shouts!
Casting: Summon Lightning Spire (dangerous; 9% risk of failure)
Confirm with . or Enter, or press ? or * to list all spells.
An electric hum fills the air.
* * * LOW HITPOINT WARNING * * *
The centaur shoots an arrow.
The arrow closely misses you.
The centaur shoots an arrow.
The arrow misses you.
The centaur shoots an arrow.
The arrow hits you!
You die...

.# #.# . #.# #.o
#.# #5# #.# #f##
.###.## ##c.##
....).# #...o#
...<).## #.##.##
...))..#####..8.@#
.##..............#
#:..#####.#..####
#...#○..#....#
#...#○#☼#....#
#...#○#☼#..###
#...#.#☼#..#
#...#○#☼#..#
...##○#§#..#


You could see a sleepcap, a centaur, a shadow imp, an orc (ally target) and a
friendly lightning spire (summoned).

Vanquished Creatures
  A scorpion (D:4)
  2 iguanas
  Natasha (D:2)
  3 adders
  An orc (D:5)
  A bat (D:2)
  2 endoplasms
  2 giant cockroaches
  2 hobgoblins (D:3)
  3 jackals (D:3)
  A quokka (D:4)
  A ball python (D:3)
  A kobold (D:3)
21 creatures vanquished.

Vanquished Creatures (collateral kills)
  A black bear (D:4)
  2 scorpions
  An iguana (D:4)
  Natasha (twice) (D:2)
  3 adders
  2 worms (D:2)
  3 orcs (D:5)
  4 bats
  4 endoplasms
  A giant cockroach (D:4)
  2 goblins
  2 hobgoblins
  6 jackals
  2 quokkas
  6 ball pythons
  3 kobolds
  4 rats
48 creatures vanquished.

Grand Total: 69 creatures vanquished

Notes
Turn   | Place    | Note
-------+----------+-------------------------------------------
     0 | D:1      | RascalDebosk the Djinni Summoner began the quest for the
                  | Orb.
     0 | D:1      | RascalDebosk set off with the following spells memorised:
                  | Summon Small Mammal, Call Imp, Call Canine Familiar, Summon
                  | Guardian Golem, Summon Lightning Spire.
     0 | D:1      | Reached XP level 1. HP: 15/15 MP: 0/0
   238 | D:1      | Reached XP level 2. HP: 18/21 MP: 0/0
   253 | D:1      | Found a faded altar of an unknown god.
   333 | D:1      | You are sucked into a shaft and drop 1 floor!
   517 | D:2      | Reached XP level 3. HP: 17/25 MP: 0/0
   517 | D:2      | Learned a level 1 spell: Magic Dart
   567 | D:2      | Reached skill level 4 in Spellcasting
   641 | D:2      | Found a snail-covered altar of Cheibriados.
  1111 | D:2      | Noticed Natasha
  1115 | D:2      | Killed Natasha
  1116 | D:2      | Reached XP level 4. HP: 21/31 MP: 0/0
  1202 | D:2      | Noticed Natasha
  1210 | D:2      | Killed Natasha
  1211 | D:2      | Reached skill level 1 in Evocations
  1227 | D:2      | Noticed Natasha
  1238 | D:2      | Killed Natasha
  1239 | D:2      | Reached XP level 5. HP: 28/36 MP: 0/0
  1239 | D:2      | Learned a level 2 spell: Searing Ray
  1317 | D:3      | Reached skill level 1 in Fighting
  1481 | D:3      | Reached XP level 6. HP: 11/43 MP: 0/0
  1623 | D:3      | Found a glowing golden altar of the Shining One.
  1813 | D:3      | Identified the +5 hand axe of a Thousand Demons {venom, rF+
                  | MP+9 Int+7}
  2209 | D:4      | Reached skill level 5 in Spellcasting
  2565 | D:4      | Reached XP level 7. HP: 47/49 MP: 0/0
  2565 | D:4      | Learned a level 3 spell: Vampiric Draining
  2565 | D:4      | Upgraded the game from 0.30.0-18-gc0e69614cb to
                  | 0.30.0-19-g36f170ea60
  2791 | D:5      | Entered Level 5 of the Dungeon
  2791 | D:5      | Noticed Edmund
  2874 | D:5      | Shot with an arrow by a centaur

Illustrated notes

Levels and vault maps discovered:
D:1:      dpeg_arrival_rooms_c, layout_loops_ring,
          shapermc_ecumenical_altar_starsandcircs
D:2:      layout_loops_ring, basic_altar, serial_bayou_pond_b,
          grunt_ministairs_7, nicolae_titane, uniq_natasha
D:3:      layout_basic, marbit_many_paths, hangedman_abyss_or_decor_lesser_grid
D:4:      layout_rooms
D:5:      lemuel_ice_spiral_2, layout_rooms, mainiacjoe_overflow_catwalk,
          serial_corexii_hall, chequers_hall_statues_y, corexii_hall_statues_t,
          corexii_hall_statues_l, chequers_hall_statues_corner_a,
          grunt_decor_fettered, uniq_pikel, uniq_edmund

Skill      XL: |  1  2  3  4  5  6  7 |
---------------+----------------------+-----
Spellcasting   | 4 5 |  5.4
Evocations     | 1 2 |  2.7
Fighting       | 1 2 3 |  3.6
Dodging        | |  2.1
Stealth        | |  1.5

Action                     |  1- 3 |  4- 6 |  7- 9 || total
---------------------------+-------+-------+-------++-------
  Melee: Rapier            |     9 |     6 |       ||    15
         Hand axe          |       |    11 |     3 ||    14
   Cast: Summon Small Mamm |    28 |     6 |       ||    34
         Call Imp          |     5 |     3 |       ||     8
         Magic Dart        |     8 |     1 |       ||     9
         Call Canine Famil |     5 |     6 |     2 ||    13
         Summon Guardian G |     3 |     3 |     1 ||     7
         Summon Lightning  |       |     8 |     6 ||    14
         Searing Ray       |       |     8 |     1 ||     9
   Stab: Sleeping          |       |     1 |       ||     1
         Distracted        |       |       |     1 ||     1
 Armour: Robe              |     9 |     6 |     2 ||    17
  Dodge: Dodged            |    39 |    17 |    12 ||    68
